Lightning vs Capitals

Created - November 20, 2015 at 17:48

Goals
1 2 3 OT1 SO T
Lightning 0 1 2 0 0 3
Capitals 2 1 0 0 1 4
Shots
1 2 3 OT1 SO T
Lightning 16 12 12 4 3 44
Capitals 7 3 7 0 2 17

1st period

1. Capitals , Derek Dorsett 1 (Nate Guenin, Morgan Rielly) at 2:40
2. Capitals , Curtis Lazar 2 (Matt Stajan, Tomas Fleischmann) at 4:06

Penalties :
Calvin de Haan (WSH) for Roughing (Minor) at 8:32, Derek Dorsett (WSH) for Roughing (Minor) at 18:19

2nd period

3. Lightning , Patric Hornqvist 5 (Hampus Lindholm, Kyle Okposo) at 2:14
4. Capitals , David Desharnais 2 (Mike Green, Mathieu Perreault) at 17:58

Penalties :
Derek Dorsett (WSH) for Hooking (Minor) at 2:57, Taylor Hall (WSH) for Holding (Minor) at 8:33, Calvin de Haan (WSH) for Tripping (Minor) at 9:06

3rd period

5. Lightning , Patric Hornqvist 6 (Andrej Sekera, Kyle Okposo) at 6:51 (PP)
6. Lightning , Radim Vrbata 8 (John Gaudreau, Henrik Sedin) at 10:42

Penalties :
Derek Dorsett (WSH) for Tripping (Minor) at 5:02, Jay Harrison (WSH) for Hooking (Minor) at 7:06, Christian Ehrhoff (TBL) for Holding (Minor) at 13:47, Tobias Rieder (TBL) for Tripping (Minor) at 16:11

Overtime #1

No Goal

Penalties :
Erik Gudbranson (TBL) for Hooking (Minor) at 1:05

Shootout

Penalty Shot by Patric Hornqvist for Lightning - Shot Misses the Net
Penalty Shot by Jiri Tlusty for Capitals - Goal!
Penalty Shot by Eric Fehr for Lightning - Stopped by Jimmy Howard
Penalty Shot by Andrew Desjardins for Capitals - Stopped by Jaroslav Halak
Penalty Shot by John Gaudreau for Lightning - Stopped by Jimmy Howard

Penalties :
No Penalty

Goalie Stats

Jaroslav Halak (TBL), 14 saves from 17 shots - (0.824), OTL, 6-10-2, 65:00 minutes
Jimmy Howard (WSH), 41 saves from 44 shots - (0.932), W, 7-6-2, 65:00 minutes

Players Stats for Lightning

Player Name              G  A  P  +/- PIM S  H  SB GA TA FO     MP     PP MP  PK MP  
------------------------------------------------------------------------------------
Andre Benoit             0  0  0   0  0   1  1  0  0  0  0/0    14:58   0:00   2:09 
Andrej Sekera            0  1  1   0  0   1  0  1  0  0  0/0    23:26   7:01   2:34 
Brad Hunt                0  0  0   0  0   0  0  1  0  0  0/0    18:53   5:16   0:48 
Christian Ehrhoff        0  0  0  -1  2   1  1  1  0  0  0/0    21:53   0:00   1:35 
David Schlemko           0  0  0   0  0   0  0  0  0  0  0/0     3:58   0:00   2:34 
Eric Fehr                0  0  0  -1  0   6  1  0  0  0  2/3    17:43   0:00   0:54 
Erik Gudbranson          0  0  0  -1  2   0  1  2  0  0  0/0    23:38   5:16   2:14 
Hampus Lindholm          0  1  1   0  0   1  0  0  0  0  0/0    23:12   7:01   0:00 
Henrik Sedin             0  1  1   0  0   3  1  0  0  0  18/35  25:20   5:29   0:00 
John Gaudreau            0  1  1   0  0   2  0  0  0  0  0/1    22:32   5:29   0:00 
Kyle Okposo              0  2  2   0  0   6  0  0  0  0  0/0    19:42   6:48   0:00 
Maxime Talbot            0  0  0   0  0   2  0  0  0  0  3/8    10:51   0:00   1:28 
Nick Spaling             0  0  0  -1  0   0  1  0  0  0  1/8     4:38   0:00   0:00 
Patric Hornqvist         2  0  2   0  0   10 1  0  0  0  1/1    19:29   6:48   0:00 
Radim Vrbata             1  0  1   0  0   7  2  0  0  0  2/3    22:32   5:29   0:00 
Tobias Rieder            0  0  0  -1  2   1  1  0  0  0  0/0     4:37   0:00   0:00 
Travis Zajac             0  0  0   0  0   2  0  0  0  0  25/35  22:46   6:48   3:04 
Troy Brouwer             0  0  0   0  0   1  3  0  0  0  1/1    13:52   0:00   4:29 

Players Stats for Capitals

Player Name              G  A  P  +/- PIM S  H  SB GA TA FO     MP     PP MP  PK MP  
------------------------------------------------------------------------------------
Alexander Semin          0  0  0   1  0   0  0  0  0  0  1/2    13:10   2:02   0:22 
Andrew Desjardins        0  0  0   0  0   0  3  0  0  0  8/16   21:15   2:02   7:00 
Bryce Salvador           0  0  0   0  0   0  3  1  0  0  0/0    18:59   0:00   4:43 
Calvin de Haan           0  0  0   0  4   1  2  1  0  0  0/0    22:23   1:47   4:13 
Cody Eakin               0  0  0   1  0   0  0  1  0  0  10/20  21:38   1:56   5:53 
Curtis Lazar             1  0  1   0  0   1  2  0  0  0  0/0    10:10   0:00   0:00 
David Desharnais         1  0  1   0  0   2  1  0  0  0  16/39  24:49   1:56   6:54 
Derek Dorsett            1  0  1   1  6   1  3  0  0  0  1/3    10:28   0:00   0:00 
Jay Harrison             0  0  0  -1  2   0  1  0  0  0  0/0     3:19   0:00   0:19 
Jiri Tlusty              0  0  0   0  0   2  0  0  0  0  1/5    16:42   2:02   0:00 
Mathieu Perreault        0  1  1   0  0   4  3  0  0  0  1/2    14:40   0:00   0:00 
Matt Stajan              0  1  1   0  0   0  0  0  0  0  3/7     9:38   0:00   0:18 
Mike Green               0  1  1   0  0   0  1  1  0  0  0/0    26:08   1:47   4:43 
Morgan Rielly            0  1  1   1  0   0  0  0  0  0  0/0    14:51   0:00   0:00 
Nate Guenin              0  1  1   1  0   0  0  2  0  0  0/0    16:01   0:00   3:20 
Ryan McDonagh            0  0  0   1  0   2  1  2  0  0  0/0    26:05   2:11   7:15 
Taylor Hall              0  0  0   0  2   2  0  0  0  0  1/1    15:24   2:11   2:41 
Tomas Fleischmann        0  1  1   0  0   2  0  1  0  0  0/0    20:30   1:56   0:00 

3 Stars

1 - Patric Hornqvist (TBL)
2 - Curtis Lazar (WSH)
3 - Radim Vrbata (TBL)

Power Play

Lightning - 1 on 7 Attempt(s) - 14.29%
Capitals - 0 on 3 Attempt(s) - 0.00%

Penalty Kill

Lightning - 3 on 3 Attempt(s) - 100.00% - Score 0 goal in Penalty Kill
Capitals - 6 on 7 Attempt(s) - 85.71% - Score 0 goal in Penalty Kill

Team Stat

Lightning - Hits : 13 - Faceoff Wins : 53 - Blocked Shots : 5 - Penalty Minutes : 6
Capitals - Hits : 20 - Faceoff Wins : 42 - Blocked Shots : 9 - Penalty Minutes : 14

Official

Referees : Ian Walsh and Graham Skiliter
Linesman : Trent Knorr and Jay Sharrers

Game Notes

No Game Note

Finance

Level 1 -- Attendance: 2310 (35.54%) -- Ticket Income $577,500
Level 2 -- Attendance: 1762 (35.24%) -- Ticket Income $352,400
Level 3 -- Attendance: 972 (27.77%) -- Ticket Income $170,100
Level 4 -- Attendance: 650 (25.94%) -- Ticket Income $97,500
Luxury Box -- Attendance: 475 (47.50%) -- Ticket Income $190,000
Game was played at the Verizon Center.
Total Attendance: 6169 (33.34%)
Total Ticket Income: $1,387,500
Other Income: $208,125
Total Income: $1,595,625

% Time on Ice - Lightning

Lines # - Real PCT - Wanted PCT - Time Play
Normal Forward
1 - 39% - 40% - 17:03
2 - 29% - 30% - 12:41
3 - 21% - 20% - 9:23
4 - 11% - 10% - 4:38
Normal Defense
1 - 37% - 40% - 16:11
2 - 28% - 30% - 12:14
3 - 29% - 20% - 12:49
4 - 6% - 10% - 2:31
PP Forward
1 - 45% - 60% - 5:29
2 - 55% - 40% - 6:48
PP Defense
1 - 57% - 60% - 7:01
2 - 43% - 40% - 5:16
PK Forward
1 - 77% - 60% - 3:04
2 - 23% - 40% - 0:54
PK Defense
1 - 56% - 60% - 2:14
2 - 44% - 40% - 1:44
PK3 Forward
1 - 71% - 60% - 1:25
2 - 29% - 40% - 0:34
PK3 Defense
1 - 58% - 60% - 1:09
2 - 42% - 40% - 0:50
44 Forward
1 - 93% - 60% - 2:48
2 - 7% - 40% - 0:13
44 Defense
1 - 54% - 60% - 1:37
2 - 46% - 40% - 1:24
Last Minute Offensive  - 0:00
Last Minute Defensive  - 0:00
Total
Forward - 65:00
Defense - 65:00

% Time on Ice - Capitals

Lines # - Real PCT - Wanted PCT - Time Play
Normal Forward
1 - 34% - 36% - 14:40
2 - 21% - 33% - 9:14
3 - 24% - 16% - 10:31
4 - 21% - 15% - 9:20
Normal Defense
1 - 32% - 35% - 13:49
2 - 33% - 30% - 14:14
3 - 29% - 25% - 12:41
4 - 7% - 10% - 3:01
PP Forward
1 - 51% - 60% - 2:02
2 - 49% - 40% - 1:56
PP Defense
1 - 55% - 60% - 2:11
2 - 45% - 40% - 1:47
PK Forward
1 - 75% - 60% - 8:10
2 - 25% - 40% - 2:41
PK Defense
1 - 63% - 60% - 6:47
2 - 37% - 40% - 4:04
PK3 Forward
1 - 64% - 60% - 0:55
2 - 36% - 40% - 0:31
PK3 Defense
1 - 55% - 60% - 0:47
2 - 45% - 40% - 0:39
44 Forward
1 - 74% - 60% - 3:41
2 - 26% - 40% - 1:19
44 Defense
1 - 57% - 60% - 2:50
2 - 43% - 40% - 2:10
Last Minute Offensive  - 0:00
Last Minute Defensive  - 0:00
Total
Forward - 65:00
Defense - 65:00

Play by Play

1st period


0:01 of 1st period - Henrik Sedin wins face-off versus Jiri Tlusty in neutral zone.
0:41 of 1st period - Shot by Henrik Sedin.
0:41 of 1st period - Shot Misses the Net.
0:43 of 1st period - Shot by John Gaudreau.
0:43 of 1st period - Stopped by Jimmy Howard without a rebound.
0:44 of 1st period - Travis Zajac wins face-off versus Andrew Desjardins in Capitals zone.
1:15 of 1st period - Shot by Kyle Okposo.
1:15 of 1st period - Stopped by Jimmy Howard with a rebound.
1:58 of 1st period - Shot by Eric Fehr.
1:58 of 1st period - Stopped by Jimmy Howard without a rebound.
1:59 of 1st period - Cody Eakin wins face-off versus Henrik Sedin in Capitals zone.
2:16 of 1st period - Shot by Derek Dorsett.
2:16 of 1st period - Shot Misses the Net.
2:40 of 1st period - Shot by Derek Dorsett.
2:40 of 1st period - Goal by Derek Dorsett - Lightning : 0 - Capitals : 1.
2:41 of 1st period - David Desharnais wins face-off versus Nick Spaling in neutral zone.
2:41 of 1st period - David Desharnais is hit by Tobias Rieder.
4:06 of 1st period - Shot by Curtis Lazar.
4:06 of 1st period - Goal by Curtis Lazar - Lightning : 0 - Capitals : 2.
4:07 of 1st period - Cody Eakin wins face-off versus Henrik Sedin in neutral zone.
4:16 of 1st period - Icing by Andrej Sekera.
4:17 of 1st period - Derek Dorsett wins face-off versus Henrik Sedin in Lightning zone.
4:24 of 1st period - Shot by Cody Eakin.
4:24 of 1st period - Shot Misses the Net.
4:28 of 1st period - Shot by Cody Eakin.
4:28 of 1st period - Shot Blocked by Andrej Sekera.
4:58 of 1st period - Shot by Radim Vrbata.
4:58 of 1st period - Stopped by Jimmy Howard without a rebound.
4:59 of 1st period - Travis Zajac wins face-off versus Andrew Desjardins in Capitals zone.
5:32 of 1st period - Kyle Okposo is hit by Andrew Desjardins and loses puck.
6:51 of 1st period - Erik Gudbranson is hit by Mathieu Perreault and loses puck.
7:08 of 1st period - Shot by Derek Dorsett.
7:08 of 1st period - Shot Misses the Net.
7:33 of 1st period - Nate Guenin is hit by Radim Vrbata and loses puck.
8:02 of 1st period - Patric Hornqvist is hit by Curtis Lazar.
8:08 of 1st period - Shot by Kyle Okposo.
8:08 of 1st period - Stopped by Jimmy Howard without a rebound.
8:09 of 1st period - Andrew Desjardins wins face-off versus Maxime Talbot in Capitals zone.
8:31 of 1st period - Shot by Andre Benoit.
8:31 of 1st period - Stopped by Jimmy Howard without a rebound.
8:32 of 1st period - Travis Zajac wins face-off versus David Desharnais in Capitals zone.
8:32 of 1st period - Minor Penalty to Calvin de Haan for Roughing.
8:33 of 1st period - Travis Zajac wins face-off versus David Desharnais in Capitals zone.
8:34 of 1st period - Shot by Andrej Sekera.
8:34 of 1st period - Stopped by Jimmy Howard without a rebound.
8:35 of 1st period - Travis Zajac wins face-off versus David Desharnais in Capitals zone.
8:56 of 1st period - Shot by Kyle Okposo.
8:56 of 1st period - Deflect By Travis Zajac.
8:56 of 1st period - Shot Blocked by Ryan McDonagh.
8:58 of 1st period - Shot by Hampus Lindholm.
8:58 of 1st period - Shot Misses the Net.
9:00 of 1st period - Shot by Andrej Sekera.
9:00 of 1st period - Shot Misses the Net.
9:02 of 1st period - Shot by Travis Zajac.
9:02 of 1st period - Stopped by Jimmy Howard without a rebound.
9:03 of 1st period - Henrik Sedin wins face-off versus David Desharnais in Capitals zone.
9:20 of 1st period - Shot by Radim Vrbata.
9:20 of 1st period - Stopped by Jimmy Howard without a rebound.
9:21 of 1st period - Travis Zajac wins face-off versus Cody Eakin in Capitals zone.
9:28 of 1st period - Shot by Hampus Lindholm.
9:28 of 1st period - Stopped by Jimmy Howard without a rebound.
9:29 of 1st period - David Desharnais wins face-off versus Henrik Sedin in Capitals zone.
9:29 of 1st period - David Desharnais is hit by Erik Gudbranson.
9:46 of 1st period - Off-side.
9:47 of 1st period - Travis Zajac wins face-off versus David Desharnais in neutral zone.
9:56 of 1st period - Shot by Patric Hornqvist.
9:56 of 1st period - Stopped by Jimmy Howard with a rebound.
10:35 of 1st period - Icing by Matt Stajan.
10:36 of 1st period - Matt Stajan wins face-off versus Henrik Sedin in Capitals zone.
11:00 of 1st period - Icing by Christian Ehrhoff.
11:01 of 1st period - David Desharnais wins face-off versus Henrik Sedin in Lightning zone.
11:06 of 1st period - Shot by Mathieu Perreault.
11:06 of 1st period - Stopped by Jaroslav Halak without a rebound.
11:07 of 1st period - Travis Zajac wins face-off versus David Desharnais in Lightning zone.
11:18 of 1st period - Andre Benoit is hit by Mathieu Perreault and loses puck.
11:43 of 1st period - Shot by Patric Hornqvist.
11:43 of 1st period - Stopped by Jimmy Howard without a rebound.
11:44 of 1st period - Andrew Desjardins wins face-off versus Maxime Talbot in Capitals zone.
12:55 of 1st period - Shot by Radim Vrbata.
12:55 of 1st period - Stopped by Jimmy Howard without a rebound.
12:56 of 1st period - Travis Zajac wins face-off versus David Desharnais in Capitals zone.
12:57 of 1st period - Shot by Kyle Okposo.
12:57 of 1st period - Stopped by Jimmy Howard with a rebound.
13:17 of 1st period - Shot by Mathieu Perreault.
13:17 of 1st period - Shot Blocked by Brad Hunt.
13:37 of 1st period - Shot by David Desharnais.
13:37 of 1st period - Shot Misses the Net.
13:46 of 1st period - Icing by Brad Hunt.
13:47 of 1st period - Travis Zajac wins face-off versus Andrew Desjardins in Lightning zone.
14:26 of 1st period - Shot by Tomas Fleischmann.
14:26 of 1st period - Stopped by Jaroslav Halak without a rebound.
14:27 of 1st period - Maxime Talbot wins face-off versus Cody Eakin in Lightning zone.
14:27 of 1st period - Maxime Talbot is hit by Derek Dorsett.
14:32 of 1st period - Troy Brouwer is hit by Derek Dorsett and loses puck.
14:36 of 1st period - Eric Fehr is hit by Calvin de Haan and loses puck.
14:42 of 1st period - Troy Brouwer is hit by Calvin de Haan and loses puck.
14:48 of 1st period - Icing by Cody Eakin.
14:49 of 1st period - Henrik Sedin wins face-off versus Cody Eakin in Capitals zone.
14:51 of 1st period - Radim Vrbata is hit by Bryce Salvador and loses puck.
15:11 of 1st period - Icing by Hampus Lindholm.
15:12 of 1st period - David Desharnais wins face-off versus Henrik Sedin in Lightning zone.
15:21 of 1st period - Shot by Mathieu Perreault.
15:21 of 1st period - Stopped by Jaroslav Halak without a rebound.
15:22 of 1st period - Taylor Hall wins face-off versus Nick Spaling in Lightning zone.
15:28 of 1st period - Icing by Andrej Sekera.
15:29 of 1st period - Nick Spaling wins face-off versus David Desharnais in Lightning zone.
15:34 of 1st period - Ryan McDonagh is hit by Nick Spaling.
16:11 of 1st period - Icing by Erik Gudbranson.
16:12 of 1st period - Andrew Desjardins wins face-off versus Nick Spaling in Lightning zone.
16:46 of 1st period - Shot by Radim Vrbata.
16:46 of 1st period - Shot Blocked by Nate Guenin.
17:10 of 1st period - Christian Ehrhoff is hit by Andrew Desjardins and loses puck.
17:24 of 1st period - Nate Guenin is hit by Radim Vrbata and loses puck.
17:45 of 1st period - Shot by Patric Hornqvist.
17:45 of 1st period - Shot Misses the Net.
17:47 of 1st period - Shot by Travis Zajac.
17:47 of 1st period - Stopped by Jimmy Howard without a rebound.
17:48 of 1st period - Maxime Talbot wins face-off versus Mathieu Perreault in Capitals zone.
17:51 of 1st period - Shot by Troy Brouwer.
17:51 of 1st period - Stopped by Jimmy Howard with a rebound.
18:13 of 1st period - Shot by Ryan McDonagh.
18:13 of 1st period - Shot Misses the Net.
18:15 of 1st period - Shot by Mathieu Perreault.
18:15 of 1st period - Stopped by Jaroslav Halak with a rebound.
18:17 of 1st period - Shot by David Desharnais.
18:17 of 1st period - Stopped by Jaroslav Halak without a rebound.
18:18 of 1st period - Travis Zajac wins face-off versus Cody Eakin in Lightning zone.
18:18 of 1st period - Travis Zajac is hit by Derek Dorsett.
18:19 of 1st period - Minor Penalty to Derek Dorsett for Roughing.
18:20 of 1st period - Travis Zajac wins face-off versus David Desharnais in Capitals zone.
18:52 of 1st period - Icing by Andrej Sekera.
18:53 of 1st period - Travis Zajac wins face-off versus Cody Eakin in Lightning zone.
Goals for this period are 0 for Lightning vs 2 for Capitals.
Shots for this period are 16 for Lightning vs 7 for Capitals.

2nd period


0:01 of 2nd period - Henrik Sedin wins face-off versus David Desharnais in neutral zone.
0:16 of 2nd period - Icing by Henrik Sedin.
0:17 of 2nd period - David Desharnais wins face-off versus Henrik Sedin in Lightning zone.
0:36 of 2nd period - Shot by Patric Hornqvist.
0:36 of 2nd period - Stopped by Jimmy Howard without a rebound.
0:37 of 2nd period - Henrik Sedin wins face-off versus David Desharnais in Capitals zone.
0:45 of 2nd period - Icing by Mike Green.
0:46 of 2nd period - David Desharnais wins face-off versus Henrik Sedin in Capitals zone.
0:46 of 2nd period - Jiri Tlusty is hit by Henrik Sedin and loses puck.
1:03 of 2nd period - Icing by Erik Gudbranson.
1:04 of 2nd period - Henrik Sedin wins face-off versus Matt Stajan in Lightning zone.
1:17 of 2nd period - Shot by Radim Vrbata.
1:17 of 2nd period - Shot Misses the Net.
1:29 of 2nd period - Shot by John Gaudreau.
1:29 of 2nd period - Shot Misses the Net.
1:46 of 2nd period - Icing by Calvin de Haan.
1:47 of 2nd period - Travis Zajac wins face-off versus Matt Stajan in Capitals zone.
1:48 of 2nd period - Shot by Patric Hornqvist.
1:48 of 2nd period - Stopped by Jimmy Howard with a rebound.
1:50 of 2nd period - Shot by Travis Zajac.
1:50 of 2nd period - Shot Hit the Post.
2:14 of 2nd period - Shot by Patric Hornqvist.
2:14 of 2nd period - Goal by Patric Hornqvist - Lightning : 1 - Capitals : 2.
2:15 of 2nd period - David Desharnais wins face-off versus Maxime Talbot in neutral zone.
2:31 of 2nd period - Shot by Eric Fehr.
2:31 of 2nd period - Stopped by Jimmy Howard without a rebound.
2:32 of 2nd period - Henrik Sedin wins face-off versus Cody Eakin in Capitals zone.
2:49 of 2nd period - Shot by Radim Vrbata.
2:49 of 2nd period - Shot Hit the Post.
2:57 of 2nd period - Minor Penalty to Derek Dorsett for Hooking.
2:58 of 2nd period - David Desharnais wins face-off versus Travis Zajac in Capitals zone.
3:30 of 2nd period - Shot by Patric Hornqvist.
3:30 of 2nd period - Shot Misses the Net.
3:45 of 2nd period - Off-side.
3:46 of 2nd period - Cody Eakin wins face-off versus Henrik Sedin in neutral zone.
3:52 of 2nd period - Icing by John Gaudreau.
3:53 of 2nd period - Cody Eakin wins face-off versus Radim Vrbata in Lightning zone.
4:56 of 2nd period - Shot by Kyle Okposo.
4:56 of 2nd period - Shot Blocked by Mike Green.
5:21 of 2nd period - Shot by Eric Fehr.
5:21 of 2nd period - Stopped by Jimmy Howard without a rebound.
5:22 of 2nd period - Travis Zajac wins face-off versus Cody Eakin in Capitals zone.
5:38 of 2nd period - Icing by Andre Benoit.
5:39 of 2nd period - Travis Zajac wins face-off versus Matt Stajan in Lightning zone.
6:07 of 2nd period - Travis Zajac is hit by Curtis Lazar and loses puck.
6:35 of 2nd period - Shot by Radim Vrbata.
6:35 of 2nd period - Stopped by Jimmy Howard without a rebound.
6:36 of 2nd period - Mathieu Perreault wins face-off versus Henrik Sedin in Capitals zone.
6:59 of 2nd period - Shot by Mike Green.
6:59 of 2nd period - Shot Blocked by Christian Ehrhoff.
7:01 of 2nd period - Shot by Ryan McDonagh.
7:01 of 2nd period - Shot Misses the Net.
7:07 of 2nd period - Shot by Ryan McDonagh.
7:07 of 2nd period - Shot Misses the Net.
7:09 of 2nd period - Shot by Jiri Tlusty.
7:09 of 2nd period - Stopped by Jaroslav Halak without a rebound.
7:10 of 2nd period - Cody Eakin wins face-off versus Eric Fehr in Lightning zone.
7:27 of 2nd period - Shot by Cody Eakin.
7:27 of 2nd period - Shot Misses the Net.
7:39 of 2nd period - Shot by Maxime Talbot.
7:39 of 2nd period - Stopped by Jimmy Howard without a rebound.
7:40 of 2nd period - Andrew Desjardins wins face-off versus Travis Zajac in Capitals zone.
7:40 of 2nd period - Andrew Desjardins is hit by Patric Hornqvist.
7:48 of 2nd period - Shot by Patric Hornqvist.
7:48 of 2nd period - Stopped by Jimmy Howard with a rebound.
7:53 of 2nd period - Kyle Okposo is hit by Ryan McDonagh and loses puck.
7:59 of 2nd period - Travis Zajac is hit by Mike Green.
8:01 of 2nd period - Shot by Kyle Okposo.
8:01 of 2nd period - Shot Blocked by Tomas Fleischmann.
8:33 of 2nd period - Minor Penalty to Taylor Hall for Holding.
8:34 of 2nd period - Henrik Sedin wins face-off versus David Desharnais in Capitals zone.
9:05 of 2nd period - Shot by Henrik Sedin.
9:05 of 2nd period - Shot Misses the Net.
9:06 of 2nd period - Minor Penalty to Calvin de Haan for Tripping.
9:07 of 2nd period - Cody Eakin wins face-off versus Travis Zajac in Capitals zone.
9:52 of 2nd period - Icing by Erik Gudbranson.
9:53 of 2nd period - Henrik Sedin wins face-off versus Cody Eakin in Lightning zone.
10:14 of 2nd period - Shot by Henrik Sedin.
10:14 of 2nd period - Shot Misses the Net.
10:18 of 2nd period - Shot by Radim Vrbata.
10:18 of 2nd period - Deflect By John Gaudreau.
10:18 of 2nd period - Shot Misses the Net.
10:20 of 2nd period - Shot by Henrik Sedin.
10:20 of 2nd period - Stopped by Jimmy Howard without a rebound.
10:21 of 2nd period - Patric Hornqvist wins face-off versus Andrew Desjardins in Capitals zone.
10:49 of 2nd period - Icing by Hampus Lindholm.
10:50 of 2nd period - David Desharnais wins face-off versus Travis Zajac in Lightning zone.
11:00 of 2nd period - Off-side.
11:01 of 2nd period - David Desharnais wins face-off versus Henrik Sedin in neutral zone.
11:12 of 2nd period - Shot by Matt Stajan.
11:12 of 2nd period - Shot Misses the Net.
11:30 of 2nd period - Shot by Eric Fehr.
11:30 of 2nd period - Shot Blocked by Calvin de Haan.
12:05 of 2nd period - Shot by Radim Vrbata.
12:05 of 2nd period - Stopped by Jimmy Howard with a rebound.
13:15 of 2nd period - Icing by Alexander Semin.
13:16 of 2nd period - Maxime Talbot wins face-off versus Alexander Semin in Capitals zone.
13:49 of 2nd period - Shot by Cody Eakin.
13:49 of 2nd period - Shot Misses the Net.
13:51 of 2nd period - Shot by Morgan Rielly.
13:51 of 2nd period - Shot Misses the Net.
14:05 of 2nd period - Bryce Salvador is hit by Troy Brouwer and loses puck.
15:46 of 2nd period - Shot by Cody Eakin.
15:46 of 2nd period - Shot Misses the Net.
17:01 of 2nd period - Shot by Kyle Okposo.
17:01 of 2nd period - Deflect By Patric Hornqvist.
17:01 of 2nd period - Shot Misses the Net.
17:03 of 2nd period - Shot by Patric Hornqvist.
17:03 of 2nd period - Stopped by Jimmy Howard with a rebound.
17:29 of 2nd period - Shot by Nick Spaling.
17:29 of 2nd period - Shot Misses the Net.
17:37 of 2nd period - Andrej Sekera is hit by David Desharnais and loses puck.
17:58 of 2nd period - Shot by David Desharnais.
17:58 of 2nd period - Goal by David Desharnais - Lightning : 1 - Capitals : 3.
17:59 of 2nd period - Travis Zajac wins face-off versus Derek Dorsett in neutral zone.
18:08 of 2nd period - Shot by Kyle Okposo.
18:08 of 2nd period - Stopped by Jimmy Howard without a rebound.
18:09 of 2nd period - Cody Eakin wins face-off versus Maxime Talbot in Capitals zone.
19:38 of 2nd period - Shot by Mathieu Perreault.
19:38 of 2nd period - Stopped by Jaroslav Halak without a rebound.
19:39 of 2nd period - Andrew Desjardins wins face-off versus Henrik Sedin in Lightning zone.
19:47 of 2nd period - Radim Vrbata is hit by Bryce Salvador and loses puck.
Goals for this period are 1 for Lightning vs 1 for Capitals.
Shots for this period are 12 for Lightning vs 3 for Capitals.

3rd period


0:01 of 3rd period - Andrew Desjardins wins face-off versus John Gaudreau in neutral zone.
0:26 of 3rd period - Shot by Henrik Sedin.
0:26 of 3rd period - Stopped by Jimmy Howard without a rebound.
0:27 of 3rd period - Travis Zajac wins face-off versus David Desharnais in Capitals zone.
0:28 of 3rd period - Shot by Patric Hornqvist.
0:28 of 3rd period - Stopped by Jimmy Howard with a rebound.
1:07 of 3rd period - Shot by Mathieu Perreault.
1:07 of 3rd period - Shot Misses the Net.
2:16 of 3rd period - Taylor Hall is hit by Christian Ehrhoff and loses puck.
2:36 of 3rd period - Icing by Nate Guenin.
2:37 of 3rd period - Alexander Semin wins face-off versus Maxime Talbot in Capitals zone.
3:10 of 3rd period - Alexander Semin is hit by Troy Brouwer and loses puck.
3:40 of 3rd period - Shot by Matt Stajan.
3:40 of 3rd period - Shot Misses the Net.
3:42 of 3rd period - Shot by Matt Stajan.
3:42 of 3rd period - Shot Misses the Net.
3:44 of 3rd period - Shot by Matt Stajan.
3:44 of 3rd period - Shot Misses the Net.
4:32 of 3rd period - Shot by Jiri Tlusty.
4:32 of 3rd period - Shot Blocked by Erik Gudbranson.
4:43 of 3rd period - Icing by Bryce Salvador.
4:44 of 3rd period - Henrik Sedin wins face-off versus David Desharnais in Capitals zone.
5:02 of 3rd period - Minor Penalty to Derek Dorsett for Tripping.
5:03 of 3rd period - Travis Zajac wins face-off versus David Desharnais in Capitals zone.
6:03 of 3rd period - Shot by John Gaudreau.
6:03 of 3rd period - Stopped by Jimmy Howard with a rebound.
6:05 of 3rd period - Shot by John Gaudreau.
6:05 of 3rd period - Shot Blocked by Nate Guenin.
6:07 of 3rd period - Shot by Radim Vrbata.
6:07 of 3rd period - Shot Misses the Net.
6:13 of 3rd period - Shot by Erik Gudbranson.
6:13 of 3rd period - Shot Misses the Net.
6:21 of 3rd period - Shot by Radim Vrbata.
6:21 of 3rd period - Shot Misses the Net.
6:23 of 3rd period - Shot by Brad Hunt.
6:23 of 3rd period - Shot Misses the Net.
6:25 of 3rd period - Shot by Brad Hunt.
6:25 of 3rd period - Shot Blocked by Ryan McDonagh.
6:31 of 3rd period - Shot by John Gaudreau.
6:31 of 3rd period - Shot Misses the Net.
6:49 of 3rd period - Shot by Kyle Okposo.
6:49 of 3rd period - Stopped by Jimmy Howard with a rebound.
6:51 of 3rd period - Shot by Andrej Sekera.
6:51 of 3rd period - Deflect By Patric Hornqvist.
6:51 of 3rd period - Goal by Patric Hornqvist - Lightning : 2 - Capitals : 3.
6:52 of 3rd period - Matt Stajan wins face-off versus Nick Spaling in neutral zone.
7:00 of 3rd period - Nick Spaling is hit by Jay Harrison and loses puck.
7:05 of 3rd period - Shot by Tobias Rieder.
7:05 of 3rd period - Stopped by Jimmy Howard with a rebound.
7:06 of 3rd period - Minor Penalty to Jay Harrison for Hooking.
7:07 of 3rd period - Henrik Sedin wins face-off versus David Desharnais in Capitals zone.
7:07 of 3rd period - John Gaudreau is hit by Bryce Salvador and loses puck.
7:18 of 3rd period - Shot by Henrik Sedin.
7:18 of 3rd period - Stopped by Jimmy Howard without a rebound.
7:19 of 3rd period - David Desharnais wins face-off versus Travis Zajac in Capitals zone.
7:25 of 3rd period - Icing by Erik Gudbranson.
7:26 of 3rd period - David Desharnais wins face-off versus Travis Zajac in Lightning zone.
7:39 of 3rd period - Shot by Kyle Okposo.
7:39 of 3rd period - Stopped by Jimmy Howard without a rebound.
7:40 of 3rd period - Cody Eakin wins face-off versus Henrik Sedin in Capitals zone.
9:09 of 3rd period - Icing by Eric Fehr.
9:10 of 3rd period - Matt Stajan wins face-off versus Nick Spaling in Lightning zone.
10:42 of 3rd period - Shot by Radim Vrbata.
10:42 of 3rd period - Goal by Radim Vrbata - Lightning : 3 - Capitals : 3.
10:43 of 3rd period - Travis Zajac wins face-off versus Cody Eakin in neutral zone.
10:49 of 3rd period - Cody Eakin is hit by Andre Benoit and loses puck.
11:16 of 3rd period - Shot by Travis Zajac.
11:16 of 3rd period - Shot Blocked by Bryce Salvador.
11:18 of 3rd period - Shot by Kyle Okposo.
11:18 of 3rd period - Shot Misses the Net.
11:31 of 3rd period - Off-side.
11:32 of 3rd period - Radim Vrbata wins face-off versus David Desharnais in neutral zone.
12:40 of 3rd period - Tomas Fleischmann is hit by Troy Brouwer and loses puck.
12:45 of 3rd period - Shot by Eric Fehr.
12:45 of 3rd period - Shot Misses the Net.
12:59 of 3rd period - Shot by Maxime Talbot.
12:59 of 3rd period - Stopped by Jimmy Howard without a rebound.
13:00 of 3rd period - Cody Eakin wins face-off versus Travis Zajac in Capitals zone.
13:05 of 3rd period - Shot by Kyle Okposo.
13:05 of 3rd period - Deflect By Patric Hornqvist.
13:05 of 3rd period - Stopped by Jimmy Howard without a rebound.
13:06 of 3rd period - Travis Zajac wins face-off versus Derek Dorsett in Capitals zone.
13:37 of 3rd period - Shot by Patric Hornqvist.
13:37 of 3rd period - Shot Misses the Net.
13:40 of 3rd period - Icing by Bryce Salvador.
13:41 of 3rd period - Henrik Sedin wins face-off versus Cody Eakin in Capitals zone.
13:47 of 3rd period - Minor Penalty to Christian Ehrhoff for Holding.
13:48 of 3rd period - Travis Zajac wins face-off versus Jiri Tlusty in Lightning zone.
13:59 of 3rd period - Shot by Ryan McDonagh.
13:59 of 3rd period - Stopped by Jaroslav Halak with a rebound.
14:01 of 3rd period - Shot by Taylor Hall.
14:01 of 3rd period - Stopped by Jaroslav Halak without a rebound.
14:02 of 3rd period - Travis Zajac wins face-off versus David Desharnais in Lightning zone.
14:26 of 3rd period - Shot by Ryan McDonagh.
14:26 of 3rd period - Stopped by Jaroslav Halak without a rebound.
14:27 of 3rd period - Jiri Tlusty wins face-off versus Travis Zajac in Lightning zone.
15:03 of 3rd period - Andrej Sekera is hit by Andrew Desjardins.
15:40 of 3rd period - Shot by Taylor Hall.
15:40 of 3rd period - Stopped by Jaroslav Halak without a rebound.
15:41 of 3rd period - Eric Fehr wins face-off versus David Desharnais in Lightning zone.
15:59 of 3rd period - Off-side.
16:00 of 3rd period - David Desharnais wins face-off versus Nick Spaling in neutral zone.
16:06 of 3rd period - Icing by Hampus Lindholm.
16:07 of 3rd period - Cody Eakin wins face-off versus Nick Spaling in Lightning zone.
16:11 of 3rd period - Minor Penalty to Tobias Rieder for Tripping.
16:12 of 3rd period - Travis Zajac wins face-off versus Jiri Tlusty in Lightning zone.
16:33 of 3rd period - Shot by Ryan McDonagh.
16:33 of 3rd period - Shot Misses the Net.
16:35 of 3rd period - Shot by Jiri Tlusty.
16:35 of 3rd period - Stopped by Jaroslav Halak without a rebound.
16:36 of 3rd period - David Desharnais wins face-off versus Travis Zajac in Lightning zone.
17:00 of 3rd period - Icing by David Desharnais.
17:01 of 3rd period - Travis Zajac wins face-off versus David Desharnais in Capitals zone.
17:15 of 3rd period - Icing by Mike Green.
17:16 of 3rd period - David Desharnais wins face-off versus Travis Zajac in Capitals zone.
17:32 of 3rd period - Shot by David Desharnais.
17:32 of 3rd period - Shot Blocked by Erik Gudbranson.
17:34 of 3rd period - Shot by Calvin de Haan.
17:34 of 3rd period - Stopped by Jaroslav Halak without a rebound.
17:35 of 3rd period - Eric Fehr wins face-off versus Jiri Tlusty in Lightning zone.
18:23 of 3rd period - Icing by Andre Benoit.
18:24 of 3rd period - Henrik Sedin wins face-off versus David Desharnais in Lightning zone.
18:24 of 3rd period - Henrik Sedin is hit by Mathieu Perreault.
18:30 of 3rd period - Shot by Radim Vrbata.
18:30 of 3rd period - Stopped by Jimmy Howard without a rebound.
18:31 of 3rd period - Radim Vrbata wins face-off versus Matt Stajan in Capitals zone.
18:38 of 3rd period - Shot by Tomas Fleischmann.
18:38 of 3rd period - Stopped by Jaroslav Halak with a rebound.
19:23 of 3rd period - Icing by Hampus Lindholm.
19:24 of 3rd period - David Desharnais wins face-off versus Henrik Sedin in Lightning zone.
Goals for this period are 2 for Lightning vs 0 for Capitals.
Shots for this period are 12 for Lightning vs 7 for Capitals.

Overtime #1


0:01 of 1st overtime period - Henrik Sedin wins face-off versus Andrew Desjardins in neutral zone.
1:05 of 1st overtime period - Minor Penalty to Erik Gudbranson for Hooking.
1:06 of 1st overtime period - Troy Brouwer wins face-off versus Andrew Desjardins in Lightning zone.
3:19 of 1st overtime period - Shot by Eric Fehr.
3:19 of 1st overtime period - Stopped by Jimmy Howard without a rebound.
3:20 of 1st overtime period - Henrik Sedin wins face-off versus David Desharnais in Capitals zone.
3:21 of 1st overtime period - Shot by Christian Ehrhoff.
3:21 of 1st overtime period - Stopped by Jimmy Howard without a rebound.
3:22 of 1st overtime period - Henrik Sedin wins face-off versus Andrew Desjardins in Capitals zone.
3:29 of 1st overtime period - Shot by Eric Fehr.
3:29 of 1st overtime period - Stopped by Jimmy Howard without a rebound.
3:30 of 1st overtime period - Andrew Desjardins wins face-off versus Henrik Sedin in Capitals zone.
3:46 of 1st overtime period - Shot by Henrik Sedin.
3:46 of 1st overtime period - Deflect By Eric Fehr.
3:46 of 1st overtime period - Shot Blocked by Cody Eakin.
3:49 of 1st overtime period - Icing by Cody Eakin.
3:50 of 1st overtime period - Andrew Desjardins wins face-off versus Henrik Sedin in Capitals zone.
3:50 of 1st overtime period - Andrew Desjardins is hit by Eric Fehr.
4:05 of 1st overtime period - Off-side.
4:06 of 1st overtime period - Henrik Sedin wins face-off versus David Desharnais in neutral zone.
4:19 of 1st overtime period - Shot by Eric Fehr.
4:19 of 1st overtime period - Stopped by Jimmy Howard without a rebound.
4:20 of 1st overtime period - Henrik Sedin wins face-off versus Andrew Desjardins in Capitals zone.
Goals for this period are 0 for Lightning vs 0 for Capitals.
Shots for this period are 4 for Lightning vs 0 for Capitals.

ShootOut


5:00 of 1st overtime period - Penalty Shot by Patric Hornqvist for Lightning.
5:00 of 1st overtime period - Shot Misses the Net.
5:00 of 1st overtime period - Penalty Shot by Jiri Tlusty for Capitals.
5:00 of 1st overtime period - Goal by Jiri Tlusty.
5:00 of 1st overtime period - Penalty Shot by Eric Fehr for Lightning.
5:00 of 1st overtime period - Stopped by Jimmy Howard.
5:00 of 1st overtime period - Penalty Shot by Andrew Desjardins for Capitals.
5:00 of 1st overtime period - Stopped by Jaroslav Halak.
5:00 of 1st overtime period - Penalty Shot by John Gaudreau for Lightning.
5:00 of 1st overtime period - Stopped by Jimmy Howard.